 Dungeon Crawl Stone Soup version 0.29.0-5-ge4962eb29e (webtiles) character file.

Game seed: 7691336081072065121

46 concernfroge the Trooper (level 3, 0/31 HPs)
             Began as a Mummy Monk on Aug 28, 2022.
             Slain by a river rat (8 damage)
             ... in a sewer.
             The game lasted 00:03:52 (1546 turns).

concernfroge the Trooper (Mummy Monk)               Turns: 1546, Time: 00:03:53

Health: 0/31       AC:  5    Str: 16    XL:     3   Next: 44%
Magic:  3/3        EV: 12    Int:  9    God:
Gold:   55         SH:  0    Dex: 14    Spells: 2/2 levels left

rFire   x . .      SeeInvis .   a - +1 spear
rCold   + . .      Faith    .   (no shield)
rNeg    + + +      Spirit   .   f - +0 leather armour
rPois   ∞          Reflect  .   (no helmet)
rElec   .          Harm     .   (no cloak)
rCorr   .          Rampage  .   (no gloves)
Will    .....                   d - +1 pair of boots
Stlth   ++........              (no amulet)
HPRegen 0.10/turn               (no ring)
MPRegen 0.08/turn               (no ring)

@: no status effects
A: cold resistance 1, negative energy resistance 3, torment resistance 2, heat
vulnerability 1, in touch with death 1, no potions
a: no special abilities


You were in a sewer.
You visited 1 branch of the dungeon, and saw 3 of its levels.
You also visited: Sewer.

You collected 55 gold pieces.

Inventory:

Hand Weapons
 a - a +1 spear (weapon)
Armour
 d - a +1 pair of boots (worn)
 f - a +0 leather armour (worn)


   Skills:
 + Level 4.5 Fighting
 - Level 2.4 Polearms
 - Level 2.4 Dodging
 - Level 1.5 Stealth


You had 2 spell levels left.
You didn't know any spells.
Your spell library contained the following spells:

 Spells                   Type           Power      Damage    Failure   Level
 Petrify                  Tmut/Erth      0%         N/A       99%         4
 Irradiate                Conj/Tmut      0%         3d11      100%        5
 Sublimation of Blood     Necr           Unusable   N/A       N/A         2

Dungeon Overview and Level Annotations

Branches:
Dungeon (3/15)              Sewer (1/1)

Altars:

Annotations:
D:2 1 runed translucent door, Crazy Yiuf, Robin


Innate Abilities, Weirdness & Mutations

You are immune to poison.
Your flesh is cold resistant. (rC+)
You are immune to negative energy. (rN+++)
You are immune to unholy pain and torment.
You are vulnerable to heat. (rF-)
You are in touch with the powers of death.
You do not drink.


Message History

The ball python misses you. x2
You hit the ball python.
You kill the ball python!
The plant is in the way.
You hit the plant.
The plant is lightly damaged.
You closely miss the river rat.
A nearby plant withers and dies.
The river rat closely misses you.
You hit the river rat but do no damage.
A jackal comes into view.
The river rat bites you but does no damage.
You barely miss the river rat. The river rat bites you.
The jackal barks!
You hit the river rat but do no damage.
You hear an angry hiss.
The kobold hits you but does no damage. The river rat bites you.
You aren't carrying any scrolls.
You hit the river rat but do no damage. The kobold closely misses you.
The river rat barely misses you.
You completely miss the river rat. The kobold hits you but does no damage.
The river rat misses you.
You hit the river rat but do no damage. The kobold closely misses you.
The river rat bites you but does no damage.
A river rat comes into view.
You closely miss the river rat. The kobold barely misses you.
The river rat bites you!
You barely miss the river rat. The kobold closely misses you.
A frilled lizard comes into view.
The river rat bites you. The kobold attacks as you move away!
The kobold hits you with a +0 dagger.
* * * LOW HITPOINT WARNING * * *
The jackal bites the plant.
The plant begins to die.
The kobold hits you with a +0 dagger.
* * * LOW HITPOINT WARNING * * *
The river rat attacks as you move away! The river rat completely misses you.
The river rat attacks as you move away! The river rat misses you.
The kobold attacks as you move away! The kobold hits you but does no damage.
There is a gate leading back out of this place here.
You aren't carrying any scrolls.
The kobold hits you but does no damage. The river rat bites you!
You die...

### ### P.###!#
PP##~# ######P##~#
#!~~~~.P#~#
######P.#~# .l##
#≈≈≈....#~# #.~~~
#≈≈≈≈.@.#~##~~~###
##≈≈≈.Kr#~#..~~.~~
#≈≈≈.h.#~#~...~~.
##≈≈≈..rPPr~~~..
##≈≈.......#..~
###.......#
#########


You could see 2 river rats, a jackal and a kobold.

Vanquished Creatures
  A river rat (D:3)
  A worm (D:3)
  4 dart slugs
  2 endoplasms
  A giant cockroach (D:2)
  A goblin (D:1)
  A hobgoblin (D:3)
  2 quokkas (D:1)
  5 ball pythons
  2 bats
  A frilled lizard (D:1)
  2 kobolds (D:1)
  5 rats
28 creatures vanquished.

Vanquished Creatures (others)
  6 plants (Sewer)
6 creatures vanquished.

Grand Total: 34 creatures vanquished

Notes
Turn   | Place    | Note
-------+----------+-------------------------------------------
     0 | D:1      | concernfroge the Mummy Monk began the quest for the Orb.
     0 | D:1      | Reached XP level 1. HP: 18/18 MP: 1/1
   491 | D:1      | Reached XP level 2. HP: 15/24 MP: 2/2
   824 | D:1      | Found a faded altar of an unknown god.
  1052 | D:2      | Reached skill level 4 in Fighting
  1064 | D:2      | Found a runed translucent door.
  1065 | D:2      | Noticed Crazy Yiuf
  1091 | D:2      | Noticed Robin
  1159 | D:3      | Found a glowing drain.
  1228 | D:3      | Gained mutation: You are in touch with the powers of death.
                  | [Mummy growth]
  1228 | D:3      | Reached XP level 3. HP: 22/30 MP: 3/3
  1490 | Sewer    | Entered a sewer
  1546 | Sewer    | Slain by a river rat

Illustrated notes

Levels and vault maps discovered:
D:1:      dpeg_arrival_snail, layout_rooms,
          hellmonk_ecumenical_altar_defaced_shrine
D:2:      layout_basic, minmay_misc_feat_encased, uniq_robin,
          uniq_crazy_yiuf_cottage, uniq_jessica
D:3:      layout_basic, mainiacjoe_overflow_alcove_4,
          chequers_temple_overflow_statue_of_worship, portal_sewer_entry_c,
          moated_statue, kennysheep_generic_room_8, uniq_terence
Sewer:    sewer_co_scattered_pipes

Skill      XL: |  1  2 |
---------------+-------+-----
Fighting       | 4 |  4.5
Polearms       | |  2.4
Dodging        | |  2.4
Stealth        | |  1.5

Action                   || total
-------------------------++-------
Melee: Spear             ||   124
       Punch             ||     1
  Use: Scroll            ||     5
 Stab: Sleeping          ||     4
Armor: Robe              ||     4
       Leather armour    ||    17
Dodge: Dodged            ||    57
